 Dungeon Crawl Stone Soup version 0.30-a0-12-gd8047c6341 (webtiles) character file.

Game seed: 8185085582200472360

19 Newt the Ducker (level 2, -1/22 HPs)
             Began as a Demonspawn Gladiator on Aug 23, 2022.
             Slain by Terence
             ... wielding a +0 vorpal flail
              (8 damage)
             ... on level 1 of the Dungeon.
             The game lasted 00:00:56 (1068 turns).

Newt the Ducker (Demonspawn Gladiator)              Turns: 1068, Time: 00:00:57

Health: -1/22      AC:  4    Str: 14    XL:     2   Next: 55%
Magic:  2/2        EV: 12    Int:  9    God:
Gold:   12         SH:  0    Dex: 14    Spells: 1/1 levels left

rFire   . . .      SeeInvis .    a - +0 rapier
rCold   . . .      Faith    .    (no shield)
rNeg    . . .      Spirit   .    g - +0 leather armour
rPois   .          Reflect  .    c - +0 helmet
rElec   .          Harm     .    (no cloak)
rCorr   .          Rampage  .    (no gloves)
Will    .....                    (no boots)
Stlth   ++........               (no amulet)
HPRegen 0.07/turn                (no ring)
MPRegen 0.16/turn                (no ring)

@: no status effects
A: magic regeneration
a: no special abilities


You were on level 1 of the Dungeon.
You visited 1 branch of the dungeon, and saw 2 of its levels.

You collected 12 gold pieces.

Inventory:

Hand Weapons
 a - a +0 rapier (weapon)
 b - a +0 sling
Missiles
 d - 3 throwing nets (quivered)
 e - a javelin
Armour
 c - a +0 helmet (worn)
 g - a +0 leather armour (worn)
Scrolls
 f - a scroll of vulnerability {unknown}
 h - a scroll of fear {unknown}
 i - a scroll of immolation {unknown}


   Skills:
 - Level 2.0 Fighting
 - Level 2.6 Short Blades
 + Level 0.8 Ranged Weapons
 - Level 1.7 Throwing
 - Level 2.6 Dodging
 - Level 2.0 Stealth


You had one spell level left.
You didn't know any spells.
Your spell library was empty.

Dungeon Overview and Level Annotations

Branches:
Dungeon (2/15)

Altars:

Annotations:
D:1 Terence


Innate Abilities, Weirdness & Mutations

You regenerate magic rapidly.


Message History

You climb downwards.
The goblin shouts!
Terence shouts!
The kobold shouts!
Found a scroll labelled IMYMONUEDI, a robe and a steaming mace.
Found a stone staircase leading down.
There is a stone staircase leading up here.
There are monsters nearby!
You shoot a sling bullet. The sling bullet hits Terence.
Terence is lightly wounded.
Terence bares his teeth.
You shoot a sling bullet. The sling bullet hits Terence!
Terence is heavily wounded.
Your library has no spells.
The goblin barely misses you. Terence closely misses you.
You climb upwards.
There is a stone staircase leading down here.
Unknown command.
Fire: b) +0 sling
Press: ? - help, Shift-Dir - straight line, f - Terence
Aim: Terence, wielding a +0 vorpal flail and wearing a +0 ring mail (heavily wounded, 60% to hit)
You shoot a sling bullet. The sling bullet barely misses Terence.
The goblin hits you with a +0 club.
Terence hits you with a +0 vorpal flail.
The goblin barely misses you.
Terence shouts, "Get ready for death!"
Terence closely misses you.
a - a +0 rapier (weapon)
You hit Terence but do no damage.
Terence is heavily wounded.
The goblin hits you with a +0 club. Terence closely misses you.
You barely miss Terence.
Terence is heavily wounded.
The goblin hits you with a +0 club. Terence misses you.
You hit Terence.
Terence is severely wounded.
The goblin hits you with a +0 club. Terence closely misses you.
You barely miss Terence.
Terence is severely wounded.
The goblin hits you with a +0 club.
Terence hits you with a +0 vorpal flail!
You die...

##### #...# #.# #..........##
##..###.# ####'###....###
##...#.####..............
##########.#............##.######
........................+..#
####.........#..........##.######
#.........+)..................
####.........#.g@#########.######
#...............@# #.#
#.########################.#
#.#........................#
#.#.#####..#################
........#..#............#
#.#.###.#(.#.##########.#########
#.#.# #.#..#.....................
#.#.###.#..#.##########.#########
#.#.....#..### #.#


You could see Terence and a goblin.

Vanquished Creatures
  2 endoplasms (D:1)
  2 goblins (D:1)
  A hobgoblin (D:1)
  2 quokkas (D:1)
  4 ball pythons (D:1)
  4 bats (D:1)
  A kobold (D:1)
  2 rats (D:1)
18 creatures vanquished.

Notes
Turn   | Place    | Note
-------+----------+-------------------------------------------
     0 | D:1      | Newt the Demonspawn Gladiator began the quest for the Orb.
     0 | D:1      | Reached XP level 1. HP: 16/16 MP: 1/1
   112 | D:1      | Reached skill level 1 in Stealth
   306 | D:1      | Gained mutation: You regenerate magic rapidly. [demonic
                  | ancestry]
   306 | D:1      | Reached XP level 2. HP: 22/22 MP: 2/2
  1058 | D:2      | Noticed Terence
  1068 | D:1      | Slain by Terence

Illustrated notes

Levels and vault maps discovered:
D:1:      dpeg_arrival_arbitrary_b, layout_basic
D:2:      layout_loops_ring, basic_altar, dreamdust_mushroom_princess,
          kennysheep_boxes, uniq_sigmund, uniq_terence, uniq_natasha

Skill      XL: |  1  2 |
---------------+-------+-----
Stealth        | 1 2 |  2.0
Fighting       | |  2.0
Short Blades   | |  2.6
Ranged Weapons | |  0.8
Throwing       | |  1.7
Dodging        | |  2.6

Action                   || total
-------------------------++-------
Melee: Rapier            ||    27
 Fire: Sling             ||    29
Armor: Leather armour    ||    18
Dodge: Dodged            ||    31

Table legend: (Time is in decaauts)
 A = Elapsed time spent in this place.
 B = Non-inter-level travel time spent in this place.
 C = Inter-level travel time spent in this place.
 D = Time resting spent in this place.
 E = Time spent auto-exploring this place.
 F = Levels seen in this place.
 G = Mean time per level.
                   A        B        C        D        E       F      G
               +--------+--------+--------+--------+--------+-----+--------+
         Total |   1081 |   1012 |     69 |      0 |    884 |   2 |  540.5 |
       Dungeon |   1081 |   1012 |     69 |      0 |    884 |   2 |  540.5 |
               +--------+--------+--------+--------+--------+-----+--------+

Top non-repeatable levels by time:
     D:1: 1076 daAuts
     D:2: 4 daAuts
